 Dungeon Crawl Stone Soup version 0.30.1-9-gdf580d7c3d (webtiles) character file.

Game seed: 16904773538798397298

142 jagang the Ducker (level 5, -4/43 HPs)
             Began as a Barachi Monk on Oct 25, 2023.
             Slain by a yak (10 damage)
             ... on level 4 of the Dungeon.
             The game lasted 00:05:45 (2902 turns).

jagang the Ducker (Barachi Monk)                    Turns: 2902, Time: 00:05:46

Health: -4/43      AC:  6    Str: 13    XL:     5   Next: 24%
Magic:  5/5        EV: 12    Int: 10    God:
Gold:   226        SH:  4    Dex: 16    Spells: 4/4 levels left

rFire   . . .        a - +0 falchion
rCold   . . .        r - +0 buckler
rNeg    . . .        j - +0 ring mail
rPois   .            (no helmet)
rElec   .            e - +0 cloak
rCorr   .            (no gloves)
SInv    .            (no boots)
Will    .....        (no amulet)
Stlth   +            f - ring of flight
HPRegen 0.27/turn    (no ring)
MPRegen 0.09/turn

%: no passive effects
@: unable to hop, flying, slow
A: amphibious, slowness 1, strong legs 1, +LOS
a: Hop


You were on level 4 of the Dungeon.
You visited 1 branch of the dungeon, and saw 4 of its levels.

You collected 226 gold pieces.

Inventory:

Hand Weapons
 a - a +0 falchion (weapon)
Missiles
 h - 18 poisoned darts
Armour
 d - an orb of light
 e - a +0 cloak (worn)
 j - a +0 ring mail (worn)
 r - a +0 buckler (worn)
Jewellery
 f - a ring of flight (left hand)
Wands
 t - a wand of paralysis (8)
 w - a wand of digging (7)
Scrolls
 i - 2 scrolls of blinking {unknown}
 k - a scroll of torment {unknown}
 m - 4 scrolls of identify {unknown}
 s - 2 scrolls of teleportation {unknown}
 v - a scroll of silence {unknown}
Potions
 b - 2 potions of lignification {unknown}
 c - a potion of ambrosia
 g - 2 potions of curing {unknown}
 l - a potion of degeneration {unknown}
 n - a potion of heal wounds {unknown}
 o - 2 potions of resistance {unknown}
 p - 2 potions of attraction {unknown}
 q - a potion of brilliance {unknown}
 u - 2 potions of mutation {unknown}


   Skills:
 + Level 4.4 Fighting
 + Level 4.4 Long Blades
 + Level 1.3 Throwing
 + Level 1.9 Armour
 * Level 4.6 Dodging
 + Level 0.3 Shields


You had 4 spell levels left.
You didn't know any spells.
Your spell library was empty.

Dungeon Overview and Level Annotations

Branches:
Dungeon (4/15)
 Temple: D:4-7

Altars:
Ashenzari
Elyvilon


Innate Abilities, Weirdness & Mutations

You are amphibious.
You cover ground slowly.
You can hop short distances.
You have an extended range of vision and can be seen from far away.


Message History

HP restored.
As you open the door, it creaks loudly!
The yak bellows! x2
You hear a bellow!
You hit the yak.
The yak is lightly wounded.
You block the yak's attack.
You hit the yak.
The yak is lightly wounded.
The yak closely misses you.
You barely miss the yak.
The yak is lightly wounded.
The yak gores you but does no damage.
You hit the yak.
The yak is lightly wounded.
The yak gores you!
You hit the yak.
The yak is moderately wounded.
The yak barely misses you.
You hit the yak.
The yak is moderately wounded.
The yak closely misses you.
You hit the yak.
The yak is moderately wounded.
You block the yak's attack.
You hit the yak but do no damage.
The yak is moderately wounded.
You barely miss the yak.
The yak is moderately wounded.
The yak gores you!
Hop to where?
Press: ? - help, Dir - move target Boing!
You hit the yak but do no damage.
The yak is moderately wounded.
You block the yak's attack. The yak gores you!
The yak attacks as you move away! The yak gores you but does no damage.
The yak attacks as you move away! The yak gores you!
* * * LOW HITPOINT WARNING * * *
The yak attacks as you move away! The yak gores you!
You die...

#####.. #...... #### #....[. ...#
############# #...... ...#
#...........# #...... ...#
#...........######....## ...#
#...........#...........
...#######......Y....#.##########
.>†'...[........@Y...'...........
..†######........Y)..#.###.######
#......##............#.###.######
#......##............#.#<.YY.....
#.......#####........#.#........#
#.......# #........#.#........#
#......## #........#.#).......#
######## ###......#.#........#
########.#........#


You could see 3 yaks.

Vanquished Creatures
  3 gnolls (D:2)
  5 adders
  2 worms
  2 dart slugs
  4 endoplasms
  2 giant cockroaches
  6 goblins
  5 hobgoblins
  8 jackals
  3 kobolds
  3 quokkas
  5 ball pythons
  4 bats
  A frilled lizard (D:1)
  3 rats
56 creatures vanquished.

Notes
Turn   | Place    | Note
-------+----------+-------------------------------------------
     0 | D:1      | jagang the Barachi Monk began the quest for the Orb.
     0 | D:1      | Reached XP level 1. HP: 18/18 MP: 1/1
    53 | D:1      | Reached XP level 2. HP: 2/25 MP: 2/2
   381 | D:1      | Reached skill level 1 in Armour
   445 | D:1      | Found a faded altar of an unknown god.
   569 | D:2      | Reached XP level 3. HP: 23/30 MP: 3/3
   818 | D:2      | Reached XP level 4. HP: 25/37 MP: 4/4
   880 | D:2      | Reached skill level 1 in Throwing
  2103 | D:3      | Found a broken altar of Ashenzari.
  2209 | D:3      | Found a white marble altar of Elyvilon.
  2242 | D:3      | Reached XP level 5. HP: 22/42 MP: 5/5
  2712 | D:4      | Noticed a yak
  2712 | D:4      | Noticed a yak
  2712 | D:4      | Noticed a yak
  2730 | D:4      | HP: 2/43 [yak (2)]
  2902 | D:4      | Slain by a yak

Illustrated notes

Levels and vault maps discovered:
D:1:      zelgadis_glass_arrival_small, layout_rooms,
          hellmonk_ecumenical_altar_inner_sanctum, serial_bayou_pond_b
D:2:      layout_basic
D:3:      layout_loops_cross, lemuel_tele_altar,
          mainiacjoe_overflow_small_starburst
D:4:      layout_basic, old_standard_altar, tgw_sif,
          mainiacjoe_overflow_24_doors

Skill      XL: |  1  2  3  4 |
---------------+-------------+-----
Armour         | 1 |  1.9
Fighting       | 4 |  4.4
Long Blades    | 4 |  4.4
Dodging        | 4 |  4.6
Throwing       | 1 |  1.3
Shields        | |  0.3

Action                     |  1- 3 |  4- 6 || total
---------------------------+-------+-------++-------
  Melee: Falchion          |    77 |   127 ||   204
Ability: Hop               |     1 |     2 ||     3
 Armour: Robe              |    14 |       ||    14
         Ring mail         |     9 |    58 ||    67
  Dodge: Dodged            |    77 |    77 ||   154
  Block: Buckler           |       |    24 ||    24
